 Dungeon Crawl Stone Soup version 0.30.1-11-g7821555f0a (webtiles) character file.

Game seed: 5425739880991066209

5019 Kallu the Covert (level 10, -3/63 HPs)
             Began as a Vampire Enchanter on Jan 1, 2024.
             Was an Initiate of Uskayaw.
             Slain by a hellwing (8 damage)
             ... on level 9 of the Dungeon.
             The game lasted 00:25:15 (9608 turns).

Kallu the Covert (Vampire Enchanter)                Turns: 9608, Time: 00:25:16

Health: -3/63      AC:  9    Str:  5 (7)  XL:     10   Next: 30%
Magic:  16/23      EV: 14    Int: 21 (22) God:    Uskayaw [......]
Gold:   511        SH:  0    Dex: 20 (21) Spells: 10/15 levels left

rFire   . . .        e - +0 great sword
rCold   + + +        (shield currently unavailable)
rNeg    + + +        A - +2 leather armour {rC+}
rPois   ∞            (no helmet)
rElec   .            (no cloak)
rCorr   .            z - +2 pair of gloves
SInv    +            G - +0 pair of boots
Will    +....        (no amulet)
Stlth   ++++++       h - +6 ring of dexterity
HPRegen 0.00/turn    C - ring of magical power
MPRegen 0.18/turn

%: no passive effects
@: bloodless, inhibited regen
A: bloodless, fangs 3, see invisible, vampiric 2
a: Bat Form, Revivify, Renounce Religion


You were on level 9 of the Dungeon.
You worshipped Uskayaw.
Uskayaw was noncommittal.
You visited 1 branch of the dungeon, and saw 9 of its levels.

You collected 511 gold pieces.

Inventory:

Hand Weapons
 a - a +3 dagger of venom
 b - a +1 dagger of draining
 e - a +0 great sword (weapon)
Missiles
 K - a throwing net
Armour
 k - a +0 buckler
 z - a +2 pair of gloves (worn)
 A - a +2 leather armour of cold resistance (worn)
 G - a +0 pair of boots (worn)
Magical Staves
 d - a staff of earth
Jewellery
 h - a +6 ring of dexterity (left hand)
 i - a +4 ring of protection
 C - a ring of magical power (right hand)
 J - an amulet of guardian spirit
Wands
 m - a wand of charming (5)
 x - a wand of flame (20)
 F - a wand of digging (6)
Scrolls
 f - 3 scrolls of amnesia
 l - a scroll of fear
 p - 2 scrolls of torment
 q - a scroll of poison
 r - 2 scrolls of enchant weapon
 s - a scroll of blinking
 y - a scroll of magic mapping
 E - a scroll of brand weapon
 I - a scroll of vulnerability
 M - a scroll of silence
Potions
 c - 2 potions of invisibility
 g - 4 potions of curing
 j - a potion of ambrosia
 n - a potion of heal wounds
 o - 2 potions of lignification
 t - a potion of might {unknown}
 u - a potion of resistance {unknown}
 w - 2 potions of magic
 B - 2 potions of mutation {unknown}
 D - a potion of degeneration {unknown}
 H - a potion of brilliance {unknown}
 L - 2 potions of flight {unknown}


   Skills:
 + Level 7.0 Fighting
 - Level 4.0(5.0) Short Blades
 - Level 4.3(5.0) Long Blades
 - Level 6.0 Dodging
 - Level 10.0 Stealth
 - Level 3.0 Spellcasting
 - Level 8.0 Hexes
 - Level 2.4 Ice Magic
 - Level 6.0 Invocations


You had 10 spell levels left.
You knew the following spells:

 Your Spells              Type           Power      Damage    Failure   Level
a - Ensorcelled Hibernat  Hex/Ice        50%        N/A       4%          2
b - Confusing Touch       Hex            36%        N/A       2%          3

Your spell library contained the following spells:

 Spells                   Type           Power      Damage    Failure   Level
 Tukima's Dance           Hex            36%        N/A       2%          3
 Dazzling Flash           Conj/Hex       38%        N/A       13%         3
 Passwall                 Tmut/Erth      2%         N/A       32%         2
 Sublimation of Blood     Necr           3%         N/A       32%         2
 Wereblood                Tmut           3%         N/A       32%         2
 Yara's Violent Unravell  Hex/Tmut       9%         3d6       75%         5
 Blade Hands              Tmut           1%         N/A       99%         5
 Malign Gateway           Summ/Tloc      1%         N/A       100%        7
 Summon Hydra             Summ           1%         N/A       100%        7
 Summon Horrible Things   Summ           1%         N/A       100%        8


Dungeon Overview and Level Annotations

Branches:
Dungeon (9/15)             Temple (0/1) D:7
   Lair: D:8-11         Orc: D:9-12

Altars:
Uskayaw

Shops:
D:2 :


Innate Abilities, Weirdness & Mutations

You do not regenerate when monsters are visible.
You are frail without blood (-20% HP).
You can heal yourself when you bite living creatures.
You are immune to poison.
You have razor-sharp teeth.
You have supernaturally acute eyesight. (SInv)
You are afflicted with vampirism and can become a bat while bloodless.


Message History

The hellwing is almost dead.
The hellwing barely misses you. The hellwing hits you.
The orc hits you with a +0 mace. The hellwing closely misses you.
The hellwing barely misses you.
Unknown command.
The hellwing closely misses you.
The hellwing hits you but does no damage.
The hellwing attacks as you move away! The hellwing misses you.
The hellwing hits you but does no damage.
Things that are here:
a +0 whip; a kobold corpse
Aiming: Fastroot
Press: ? - help, Shift-Dir - straight line, f/p - hellwing
Aim: a hellwing (almost dead)
The roots erupt in riotous growth!
Roots grab the hellwing. x2
The now-empty wand crumbles to dust.
The grasping roots constrict the hellwing.
The grasping roots constrict the hellwing, but do no damage.
The hellwing misses you. The hellwing completely misses you.
The hellwing struggles to escape constriction.
Unknown command.
You hit the hellwing.
You bite the hellwing, but do no damage.
The hellwing is almost dead.
The grasping roots constrict the hellwing.
The grasping roots constrict the hellwing, but do no damage.
The roots release their grip on the hellwing. x2
The hellwing hits you!
* * * LOW HITPOINT WARNING * * *
The hellwing closely misses you.
Unknown command.
You hit the hellwing but do no damage.
The hellwing is almost dead.
The hellwing hits you!
* * * LOW HITPOINT WARNING * * *
The hellwing hits you but does no damage.
The hellwing swoops through the air toward you!
The hellwing hits you!
You die...

........5##.#.........# #
.....5.4o.....####....#######
# ....P....##...o#
#........... ###
.PP...#.###.##5#
#...##########.. ......#.#
#.##Z# ##.## #..... ........#
#.##o# #.# #.##.. ....###.#
#.##.# #.# #.#### #... ...
..##o####)# #.# # #.#.
#.#.####)4@4))# #.# #
.....#.###### #.#
#...)...#########.#
.......###...........#
######.# ############# ..#
####


You could see 2 hellwings and an orc.

Vanquished Creatures
  Psyche (D:8)
  Sigmund (D:3)
  Eustachio (D:6)
  3 yaks (D:8)
  2 steam dragons
  2 vampire mosquitoes (D:8)
  Menkaure (D:6)
  A water moccasin (D:8)
  An ice beast (D:5)
  A sky beast (D:7)
  An orc warrior (D:6)
  An ogre (D:6)
  A phantom (D:5)
  3 kobold brigands
  A gnoll sergeant (D:8)
  2 bullfrogs
  3 scorpions
  9 wights (D:7)
  15 killer bees
  4 howler monkeys
  3 gnoll boudas
  3 hounds
  2 orc priests
  Jessica (D:3)
  4 iguanas
  5 sleepcaps
  Ijyb (D:4)
  5 orc wizards
  19 gnolls
  6 adders
  2 shadow imps (D:9)
  4 white imps
  3 worms
  A dart slug (D:2)
  26 orcs
  3 bats
  An endoplasm (D:3)
  A giant cockroach (D:1)
  11 goblins
  6 hobgoblins
  5 jackals
  3 quokkas
  12 ball pythons
  A frilled lizard (D:1)
  22 kobolds
  6 rats
210 creatures vanquished.

Notes
Turn   | Place    | Note
-------+----------+-------------------------------------------
     0 | D:1      | Kallu the Vampire Enchanter began the quest for the Orb.
     0 | D:1      | Reached XP level 1. HP: 13/13 MP: 3/3
    58 | D:1      | Reached skill level 1 in Fighting
    72 | D:1      | Reached XP level 2. HP: 21/21 MP: 5/5
   211 | D:1      | Found a faded altar of an unknown god.
   435 | D:1      | Learned a level 2 spell: Ensorcelled Hibernation
   625 | D:1      | Reached skill level 5 in Hexes
   644 | D:1      | Gained mutation: You are afflicted with vampirism and can
                  | become a bat while bloodless. [Vampire growth]
   644 | D:1      | Reached XP level 3. HP: 27/27 MP: 6/6
   670 | D:1      | Learned a level 3 spell: Confusing Touch
   913 | D:2      | Reached skill level 1 in Ice Magic
  1066 | D:2      | Reached XP level 4. HP: 33/33 MP: 4/7
  1634 | D:2      | Found Seaw's Book Shop.
  2108 | D:3      | Noticed Sigmund
  2221 | D:3      | Noticed Jessica
  2226 | D:3      | Killed Jessica
  2281 | D:3      | Killed Sigmund
  2282 | D:3      | Reached skill level 5 in Stealth
  2282 | D:3      | Reached XP level 5. HP: 40/40 MP: 1/8
  2282 | D:3      | Reached XP level 6. HP: 46/46 MP: 1/9
  2687 | D:4      | Reached skill level 6 in Stealth
  3088 | D:4      | Got the Secrets of Modification
  3184 | D:4      | Noticed Ijyb
  3194 | D:4      | Killed Ijyb
  3835 | D:5      | Entered Level 5 of the Dungeon
  3910 | D:5      | Reached XP level 7. HP: 42/42 MP: 7/10
  3922 | D:5      | Reached skill level 7 in Stealth
  4151 | D:5      | Noticed a +0 spear
  4151 | D:5      | Noticed a +0 short sword
  4151 | D:5      | Noticed a +0 falchion
  4158 | D:5      | Noticed a +0 dagger
  4159 | D:5      | Noticed a +0 falchion
  4159 | D:5      | Noticed a +0 spear
  4160 | D:5      | Noticed a +0 dagger
  4162 | D:5      | Reached skill level 8 in Stealth
  4169 | D:5      | Noticed a +0 short sword
  4603 | D:5      | Found a hide-covered altar of Uskayaw.
  4607 | D:5      | Became a worshipper of Uskayaw the Reveller
  4669 | D:6      | Noticed Menkaure
  4674 | D:6      | Killed Menkaure
  4674 | D:6      | Reached * piety under Uskayaw
  4678 | D:6      | Reached ** piety under Uskayaw
  4679 | D:6      | Reached XP level 8. HP: 48/48 MP: 10/12
  4803 | D:6      | Reached skill level 1 in Invocations
  5328 | D:6      | Reached *** piety under Uskayaw
  5335 | D:6      | Reached **** piety under Uskayaw
  5522 | D:6      | Noticed Eustachio
  5529 | D:6      | Killed Eustachio
  6128 | D:7      | Reached skill level 5 in Dodging
  6206 | D:7      | Reached XP level 9. HP: 49/52 MP: 9/13
  6322 | D:7      | Reached skill level 5 in Invocations
  7122 | D:7      | Found a staircase to the Ecumenical Temple.
  7609 | D:8      | Noticed Psyche
  7803 | D:8      | Reached skill level 1 in Long Blades
  7822 | D:8      | Reached ***** piety under Uskayaw
  7904 | D:8      | Reached skill level 9 in Stealth
  8170 | D:8      | Reached skill level 5 in Fighting
  8365 | D:8      | Reached skill level 10 in Stealth
  8380 | D:8      | Reached XP level 10. HP: 48/59 MP: 11/14
  8991 | D:8      | Killed Psyche
  9361 | D:9      | Noticed a two-headed ogre
  9608 | D:9      | Slain by a hellwing

Illustrated notes

Levels and vault maps discovered:
D:1:      minmay_arrival_checkered_box, layout_loops_cross,
          dilly_ecumenical_altar_fadedgnrine
D:2:      kb_forest_paths, layout_basic, serial_shops, shop
D:3:      layout_rooms, chequers_serial_rivers_micro_a, uniq_sigmund,
          uniq_jessica
D:4:      layout_cave_pods, grunt_ministairs_2, hangedman_abyss_or_decor_stabs,
          nicolae_figureground_pulse, uniq_ijyb
D:5:      layout_basic, nicolae_uskayaw_en_pointe, serial_bayou_lagoon_a
D:6:      layout_loops_ring, hex_large, uniq_eustachio, uniq_menkaure
D:7:      wad_lake_hut, layout_basic, minmay_temple_entry_overgrown
D:8:      layout_basic, serial_co_window_serial, co_window_corner_a,
          co_window_cross_1, co_window_paths_a, co_window_corner_a,
          co_window_paths_a, co_window_of_opportunity_a, co_window_2corner,
          co_window_broadway_b, co_window_2corner, co_window_corner_b,
          co_window_paths_e, co_window_4corner_b, glass_columns_a,
          glass_columns_a, grunt_potential, uniq_psyche
D:9:      cheibrodos_grave_circle, layout_loops_ring, orc_0_dummy, minivault_1

Skill      XL: |  1  2  3  4  5  6  7  8  9 10 |
---------------+-------------------------------+-----
Fighting       | 1 2 3 4 5 7 |  7.0
Hexes          | 5 6 7 8 |  8.0
Ice Magic      | 1 2 |  2.4
Short Blades   | 2 3 4 |  4.0
Stealth        | 5 6 8 10 | 10.0
Spellcasting   | 3 |  3.0
Invocations    | 4 6 |  6.0
Dodging        | 5 6 |  6.0
Long Blades    | 3 4 |  4.3

Action                     |  1- 3 |  4- 6 |  7- 9 | 10-12 || total
---------------------------+-------+-------+-------+-------++-------
  Melee: Dagger            |    87 |    97 |   227 |    61 ||   472
         Bite              |     3 |     6 |    33 |    11 ||    53
         Punch             |     2 |       |     4 |       ||     6
         Great sword       |       |       |     7 |    15 ||    22
   Cast: Ensorcelled Hiber |     8 |    33 |    54 |    25 ||   120
         Confusing Touch   |     2 |     2 |    11 |     3 ||    18
 Invoke: Line Pass         |       |       |     4 |     2 ||     6
         Stomp             |       |       |     1 |     3 ||     4
Ability: Exsanguinate      |       |     1 |       |       ||     1
         End Transformatio |       |       |       |     1 ||     1
         Bat Form          |       |       |       |     1 ||     1
  Evoke: Wand              |       |       |     5 |     3 ||     8
    Use: Scroll            |       |       |    17 |     4 ||    21
         Potion            |       |       |     2 |     2 ||     4
   Stab: Sleeping          |    10 |    37 |    47 |    17 ||   111
         Distracted        |     1 |       |     3 |       ||     4
         Confused          |       |     3 |    10 |     2 ||    15
         Paralysed         |       |       |     2 |       ||     2
 Armour: Robe              |    17 |     9 |       |       ||    26
         Leather armour    |       |       |    35 |    40 ||    75
  Dodge: Dodged            |    68 |    32 |   140 |    94 ||   334
